 Dungeon Crawl Stone Soup version 0.31-a0-844-gdc52ec4e09 (webtiles) character file.

Game seed: 9950102896998119177

10 kae the Changeling (level 2, -2/34 HPs)
             Began as a Draconian Shapeshifter on Sept 28, 2023.
             Succumbed to a goblin's poison
             ... on level 1 of the Dungeon.
             The game lasted 00:00:23 (167 turns).

kae the Changeling (Draconian Shapeshifter)          Turns: 167, Time: 00:00:23

Health: -2/34      AC: 21    Str: 16    XL:     2   Next: 10%
Magic:  2/2        EV:  2    Int: 10    God:
Gold:   10         SH:  0    Dex: 10    Spells: 1/1 levels left

rFire   . .          .
                       - Unarmed
rCold   . . .        (no shield)
rNeg    . . .        (body armour unavailable)
rPois   +            (helmet currently unavailable)
rElec   .            (cloak currently unavailable)
rCorr   .            (gloves currently unavailable)
SInv    .            (boots currently unavailable)
Will    .....        (no amulet)
Stlth   +            (no ring)
HPRegen 0.25/turn    (no ring)
MPRegen 0.08/turn

%: no passive effects
@: lethally poisoned (-2 -> -21), tree-form
A: stationary, stasis, torment immunity, boosted hp, AC +4, unfitting armour,
(cold-blooded)
a: no special abilities


You were on level 1 of the Dungeon.
You were a tree.
You visited 1 branch of the dungeon, and saw 1 of its levels.

You collected 10 gold pieces.


Innate Abilities, Weirdness & Mutations

You are a tree.
Your roots penetrate the ground, keeping you stationary.
You cannot be teleported.
You are immune to unholy pain and torment.
Your maximum health is greatly increased.
Your equipment is partially melded.
((Your plain brown scales are hard. (AC +4)))
You cannot fit into any form of body armour.
((You are cold-blooded and may be slowed by cold attacks.))


   Skills:
 - Level 1.1 Fighting
 - Level 1.7 Dodging
 + Level 3.2 Unarmed Combat
 * Level 3.3 Shapeshifting


You had one spell level left.
You didn't know any spells.
Your spell library was empty.

Inventory:

Missiles
 e - 7 stones
Talismans
 b - a beast talisman
 c - a flux talisman
Scrolls
 d - a scroll of teleportation {unknown}

Dungeon Overview and Level Annotations

Branches:
Dungeon (1/15) Zot: 5834

Altars:

##_## ##.#
##.## #.##
##.# #.#
#.#
#.#######..
#..♣)....?.
#.#######..
#.# #.# ###


There were no monsters in sight!


Message History

The hobgoblin hits you but does no damage.
A hobgoblin is nearby!
You hit the hobgoblin. The hobgoblin hits you. 😕 HP[-1]
You take 1 damage, and now have 15/16 hp.
A hobgoblin is nearby!
You hit the hobgoblin.
You kill the hobgoblin!
You have reached level 2! 😎 HP[+8] MP[+1]
You now have 23 max hp (+7).
Your hp is fully restored (23).
Your mp is fully restored (2).
Unknown command.
e - 7 stones You open the door.
There is an open door here.
A ball python comes into view.
The ball python hisses angrily.
A ball python is nearby!
A ball python is nearby!
The ball python bites you but does no damage.
The ball python completely misses you.
A ball python is nearby!
You closely miss the ball python. The ball python closely misses you.
The ball python barely misses you.
You hit the ball python.
You kill the ball python!
You see here a ball python corpse.
Found a faded altar of an unknown god.
No target in view!
No target in view!
There is a faded altar of an unknown god here.
A ball python comes into view.
A goblin comes into view. It is wielding a +1 dagger of venom.
The ball python hisses angrily.
The ball python bites you. The ball python misses you.
The ball python bites you. The ball python grabs you.
The ball python constricts you.
You completely miss the ball python.
The ball python bites you but does no damage.
The ball python constricts you. 😕 HP[-2]
You take 2 damage, and now have 21/23 hp.
You barely miss the ball python. The ball python barely misses you.
The ball python constricts you.
You closely miss the ball python.
Your tail-slap misses the ball python.
The ball python closely misses you.
The ball python constricts you. 😕 HP[+1]
There are monsters nearby!
You hit the ball python. The ball python bites you.
The ball python constricts you.
You hit the ball python.
You kill the ball python! 😕 HP[-1]
You take 1 damage, and now have 21/23 hp.
A goblin is nearby!
The goblin hits you with a +1 dagger of venom.
You are poisoned.
You see here a ball python corpse.
You hit the goblin but do no damage.
You feel sick. The goblin misses you. 😕 HP[-3]
You take 3 damage, and now have 18/23 hp.
A goblin is nearby!
You hit the goblin.
You feel sick. The goblin hits you but does no damage.
You are lethally poisoned!
You are too injured to fight recklessly! 😮 HP[-2]
You take 2 damage, and now have 16/23 hp.
You closely miss the goblin.
You feel very sick.
The goblin hits you with a +1 dagger of venom.
* * * LOW HITPOINT WARNING * * *
You are more poisoned. 😨 HP[-5]
You take 5 damage, and now have 11/23 hp.
MASSIVE DAMAGE!! (PAUSE)
You barely miss the goblin.
* * * LOW HITPOINT WARNING * * *
You feel very sick.
The goblin hits you with a +1 dagger of venom.
* * * LOW HITPOINT WARNING * * *
You are more poisoned. 😱 HP[-7]
You take 7 damage, and now have 4/23 hp.
MASSIVE DAMAGE!! (PAUSE)
Okay, then.
Unknown command.
Okay, then.
Okay, then.
Your transformation has ended.
You turn into a tree.
Your roots penetrate the ground.
* * * LOW HITPOINT WARNING * * *
You feel very sick.
The goblin hits you but does no damage. 😱 HP[-2]
You now have 34 max hp (+11).
You hit the goblin.
You kill the goblin!
You die...

Action                     || total
---------------------------++-------
  Melee: Unarmed           ||    27
    Use: Potion            ||     1
 Armour: Skin              ||    17
  Dodge: Dodged            ||    12

Levels and vault maps discovered:
D:1:      lemuel_arrival_rhombus, layout_basic,
          chequers_ecumenical_altar_twisty, st_stairs_8, roderic_lattice_a

Notes
Turn   | Place    | Note
-------+----------+-------------------------------------------
     0 | D:1      | kae the Draconian Shapeshifter began the quest for the Orb.
     0 | D:1      | Reached XP level 1. HP: 16/16 MP: 1/1
     0 | D:1      | magus.rc [v1.11.3]
   101 | D:1      | Reached XP level 2. HP: 23/23 MP: 2/2
   146 | D:1      | Found a faded altar of an unknown god.
   165 | D:1      | HP: 4/23 [goblin/+1 dagger of venom (2)]
   167 | D:1      | Succumbed to a goblin's poison

Vanquished Creatures
  A dart slug (D:1)
  2 hobgoblins (D:1)
  2 ball pythons (D:1)
  A bat (D:1)
  3 goblins (D:1)
9 creatures vanquished.

Table legend:
 A = Non-vault XP
 B = Vault XP
 C = Vault XP percentage of total XP
 D = Non-vault monster count
 E = Vault monster count
 F = Vault count percentage of total count
                 A         B        C        D         E       F
            +---------+---------+-------+---------+---------+-------
      Total |      14 |       3 |  17.6 |       7 |       2 |  22.2
            +---------+---------+-------+---------+---------+-------
        D:1 |      14 |       3 |  17.6 |       7 |       2 |  22.2
            +---------+---------+-------+---------+---------+-------

Action                     || total
---------------------------++-------
  Melee: Unarmed           ||    27
    Use: Potion            ||     1
 Armour: Skin              ||    17
  Dodge: Dodged            ||    12

Illustrated notes

Table legend:
 A = Kills in this place as a percentage of kills in the entire game.
 B = Kills by you in this place as a percentage of kills by you in the entire game.
 C = Kills by friends in this place as a percentage of kills by friends in the entire game.
 D = Other kills in this place as a percentage of other kills in the entire game.
 E = Experience gained in this place as a percentage of experience gained in the entire game.
 F = Experience gained in this place divided by the number of levels of this place that you have seen.
                   A       B       C       D       E      F
               +-------+-------+-------+-------+-------+----------------------
         Total | 100.0 | 100.0 |   N/A |   N/A | 100.0 |  17.0
       Dungeon | 100.0 | 100.0 |   N/A |   N/A | 100.0 |  17.0
               +-------+-------+-------+-------+-------+----------------------

Table legend: (Time is in decaauts)
 A = Elapsed time spent in this place.
 B = Non-inter-level travel time spent in this place.
 C = Inter-level travel time spent in this place.
 D = Time resting spent in this place.
 E = Time spent auto-exploring this place.
 F = Levels seen in this place.
 G = Mean time per level.
                   A        B        C        D        E       F      G
               +--------+--------+--------+--------+--------+-----+--------+
         Total |    165 |    165 |      0 |      0 |    119 |   1 |  165.0 |
       Dungeon |    165 |    165 |      0 |      0 |    119 |   1 |  165.0 |
               +--------+--------+--------+--------+--------+-----+--------+

Top non-repeatable levels by time:
     D:1: 165 daAuts
